[Event "Team 45 45 League T97"]
[Site "Internet Chess Club"]
[Date "2023.08.20"]
[Round "2"]
[White "jjmolina1"]
[Black "ChessG2011"]
[Result "0-1"]
[WhiteElo "1491"]
[BlackElo "1481"]
[Opening "Giuoco Piano"]
[ECO "C54"]
[Time "11:05:12"]
[PlyCount "44"]
[TimeControl "2700+45"]

1. e4 e5 2. Nf3 Nc6 3. Bc4 Bc5 4. c3 Nf6 5. d3 h6 6. b4 Bb6 7. b5 Na5 8. Nxe5
O-O 9. O-O d6 10. Nf3 Nxc4 11. dxc4 Nxe4 12. Qc2 Nf6 13. a4 a6 14. Bb2 Bg4 15.
Nd4 Qd7 16. Nd2 Bh5 17. Ne4 Nxe4 18. Qxe4 Bg6 19. Qxb7 Rfe8 20. a5 Be4 21. Nc6
Ra7 22. Ne5 Rxe5 {White resigns} 0-1

[Event "Team 45 45 League T97"]
[Site "Internet Chess Club"]
[Date "2023.08.17"]
[Round "2"]
[White "seattleblues"]
[Black "tightfist"]
[Result "0-1"]
[WhiteElo "1336"]
[BlackElo "1356"]
[Opening "Queen's pawn"]
[ECO "A40"]
[Time "21:10:13"]
[PlyCount "76"]
[TimeControl "2700+45"]

1. d4 e6 2. Nf3 d5 3. c4 b6 4. Nc3 Nf6 5. Bf4 Bd6 6. Ne5 Bb7 7. e3 Nbd7 8. cxd5
exd5 9. Nb5 Bb4+ 10. Nc3 Ne4 11. Rc1 O-O 12. Bd3 Nxe5 13. dxe5 Rc8 14. O-O Nxc3
15. bxc3 Bc5 16. Qc2 Qh4 17. Bg3 Qh5 18. Be2 Qg5 19. Bf3 Qe7 20. Rfd1 Rcd8 21.
c4 c6 22. cxd5 cxd5 23. Qb3 d4 24. Bxb7 Qxb7 25. Rxc5 dxe3 26. Rxd8 exf2+ 27.
Bxf2 Rxd8 28. Rc1 h6 29. Qb2 Qe4 30. Re1 Qd5 31. Qc1 Qe6 32. Qa3 Rd7 33. Qb2 Rd5
34. Bg3 Ra5 35. Ra1 Qd5 36. Qe2 Qd4+ 37. Bf2 Qxa1+ 38. Be1 Rxe5 {White resigns}
0-1

[Event "Team 45 45 League T97"]
[Site "Internet Chess Club"]
[Date "2023.08.20"]
[Round "2"]
[White "Andressa"]
[Black "Tjet"]
[Result "0-1"]
[WhiteElo "1281"]
[BlackElo "1301"]
[Opening "King's pawn opening"]
[ECO "B07"]
[Time "21:08:55"]
[PlyCount "70"]
[TimeControl "2700+45"]

1. e4 d6 2. Nc3 Nf6 3. Nf3 g6 4. Bc4 Bg7 5. d3 O-O 6. O-O Nbd7 7. a3 Nb6 8. Bb3
c5 9. Re1 Bg4 10. h3 Bxf3 11. Qxf3 e5 12. Bd5 Nfxd5 13. Nxd5 Nxd5 14. exd5 f5
15. c3 b5 16. Rb1 a5 17. c4 b4 18. b3 a4 19. bxa4 Rxa4 20. axb4 cxb4 21. Rb3 Qa8
22. Qe3 Rb8 23. f4 Qa7 24. fxe5 Qxe3+ 25. Rxe3 Bxe5 26. Re2 Ra1 27. Rc2 Bf4 28.
Re2 Rxc1+ 29. Kf2 Be5 30. Ra2 Ra1 31. Rc2 Ra3 32. Rb1 Rxd3 33. Kf1 b3 34. Re2 b2
35. Ke1 Bg3+ {White resigns} 0-1

[Event "Team 45 45 League T97"]
[Site "Internet Chess Club"]
[Date "2023.08.17"]
[Round "2"]
[White "ticktockman"]
[Black "kabubi"]
[Result "0-1"]
[WhiteElo "1035"]
[BlackElo "1163"]
[Opening "Polish (Sokolsky) opening"]
[ECO "A00"]
[Time "21:00:54"]
[PlyCount "95"]
[TimeControl "2700+45"]

1. b4 e5 2. Bb2 e4 3. f3 exf3 4. Nxf3 Bxb4 5. Bxg7 d5 6. Bxh8 Nf6 7. a3 Be7 8.
h3 Kd7 9. Ne5+ Ke6 10. Bxf6 Bxf6 11. Nxf7 Kxf7 12. c3 d4 13. Qb3+ Ke8 14. Qg8+
Kd7 15. Qxd8+ Kxd8 16. g4 dxc3 17. Nxc3 Bh4+ 18. Kd1 Nc6 19. Bg2 Ne5 20. Be4 h6
21. Rf1 Be7 22. Nd5 c6 23. Nxe7 Kxe7 24. Bf5 Bxf5 25. Rxf5 Ke6 26. d3 Rd8 27.
Rh5 Nf7 28. Rb1 b5 29. Rb4 a5 30. Re4+ Kf6 31. Rf4+ Kg6 32. Rhf5 Rd7 33. h4 Nd6
34. h5+ Kg7 35. Re5 Nc4 36. Rc5 Rd6 37. Rfxc4 bxc4 38. Rxc4 Kf6 39. Rc5 a4 40.
Kd2 Ke6 41. e4 Ke7 42. Ra5 Rf6 43. Rxa4 Rf2+ 44. Ke3 Rg2 45. e5 Rg3+ 46. Ke4
Rxg4+ 47. Kf5 Rxa4 48. Kg6 {White resigns} 0-1

[Event "Team 45 45 League T97"]
[Site "Internet Chess Club"]
[Date "2023.08.21"]
[Round "2"]
[White "clarinetref"]
[Black "Kingofknights"]
[Result "0-1"]
[WhiteElo "1523"]
[BlackElo "1557"]
[Opening "Caro-Kann defense"]
[ECO "B10"]
[Time "20:03:22"]
[PlyCount "130"]
[TimeControl "2700+45"]

1. e4 c6 2. Nf3 d5 3. exd5 cxd5 4. Ne5 Be6 5. Bb5+ Nd7 6. d4 a6 7. Bxd7+ Bxd7 8.
Nc3 Be6 9. O-O Nf6 10. f4 Bf5 11. g4 Be4 12. g5 Nd7 13. Nxe4 Nxe5 14. Nc5 Nc6
15. Nxb7 Qc7 16. Nc5 e6 17. Nb3 Bd6 18. Be3 a5 19. a4 Rb8 20. Qc1 Ne7 21. Nc5
Qb6 22. b3 Nf5 23. Bf2 Nxd4 24. Bxd4 Bxc5 25. Bxc5 Qxc5+ 26. Kg2 g6 27. Rf2 h5
28. Qe1 O-O 29. Rc1 Rfc8 30. Rf3 Rb4 31. Qf2 Qxf2+ 32. Kxf2 Kf8 33. Ke2 Ke7 34.
Kd2 Kd6 35. Rcf1 d4 36. Rd3 Kd5 37. c4+ Ke4 38. Re1+ Kxf4 39. Rxd4+ Kxg5 40.
Re5+ Kf6 41. Rb5 Rb8 42. Kc3 g5 43. Rxb8 Rxb8 44. c5 g4 45. c6 Rc8 46. Rc4 e5
47. Rc5 Ke6 48. Kc4 h4 49. Kb5 Kd6 50. Rc4 f5 51. Kb6 f4 52. Kb7 Rc7+ 53. Kb6 g3
54. hxg3 hxg3 55. Rc2 Rf7 56. Rd2+ Ke6 57. c7 Rxc7 58. Kxc7 f3 59. Rd6+ Kf5 60.
Rd8 g2 61. Rf8+ Ke4 62. Rg8 f2 63. Rxg2 f1=Q 64. Rg7 Qc1+ 65. Kb6 Qh6+ {White
resigns} 0-1

[Event "Team 45 45 League T97"]
[Site "Internet Chess Club"]
[Date "2023.08.24"]
[Round "2"]
[White "Constrictor"]
[Black "herrahuu"]
[Result "1-0"]
[WhiteElo "1395"]
[BlackElo "1391"]
[Opening "Santasiere's folly"]
[ECO "A06"]
[Time "11:00:28"]
[PlyCount "53"]
[TimeControl "2700+45"]

1. Nf3 d5 2. b4 Nf6 3. Bb2 Bf5 4. e3 e6 5. b5 Be7 6. Be2 O-O 7. O-O c5 8. c4 b6
9. Nh4 Bg6 10. Nxg6 hxg6 11. Qc2 d4 12. Bf3 d3 13. Qd1 Nbd7 14. Bxa8 Qxa8 15.
Qf3 e5 16. Qxa8 Rxa8 17. Nc3 e4 18. Rfc1 Kh7 19. a4 Rh8 20. a5 Kg8 21. axb6 axb6
22. Ra7 Bd6 23. h3 Ne5 24. Ra8+ Kh7 25. Rxh8+ Kxh8 26. Na4 Bc7 27. Bxe5 {Black
resigns} 1-0

[Event "Team 45 45 League T97"]
[Site "Internet Chess Club"]
[Date "2023.08.20"]
[Round "2"]
[White "SeniorCitizen"]
[Black "olivermx"]
[Result "0-1"]
[WhiteElo "1182"]
[BlackElo "1267"]
[Opening "Caro-Kann: advance variation"]
[ECO "B12"]
[Time "13:02:28"]
[PlyCount "95"]
[TimeControl "2700+45"]

1. e4 c6 2. d4 d5 3. e5 c5 4. c3 Nc6 5. Nf3 Bg4 6. Be2 e6 7. O-O Qb6 8. Ng5 Bxe2
9. Qxe2 h6 10. Nf3 Nge7 11. dxc5 Qxc5 12. Nbd2 Ng6 13. Nb3 Qb6 14. Be3 Qc7 15.
Bd4 Be7 16. Rae1 O-O 17. Bc5 Rac8 18. Bxe7 Qxe7 19. Rc1 Qc7 20. Rfe1 Qb6 21. Qd2
Rfd8 22. Nbd4 Nb8 23. h4 Nd7 24. h5 Ne7 25. b3 Nc6 26. Nxc6 Qxc6 27. Nd4 Qb6 28.
c4 dxc4 29. Rxc4 Rxc4 30. bxc4 Nb8 31. c5 Qxc5 32. Nxe6 Rxd2 33. Nxc5 b6 34. e6
fxe6 35. Nxe6 Rxa2 36. Nc7 Nc6 37. Nb5 Ra5 38. Re8+ Kh7 39. Re6 Rxb5 40. Rxc6
Rxh5 41. Rc7 Ra5 42. Rb7 b5 43. g3 a6 44. Rb6 Ra4 45. Kg2 b4 46. g4 a5 47. f3
Ra3 48. Rb5 {White resigns} 0-1

[Event "Team 45 45 League T97"]
[Site "Internet Chess Club"]
[Date "2023.08.16"]
[Round "2"]
[White "Balderdash"]
[Black "thundercat1"]
[Result "1-0"]
[WhiteElo "1181"]
[BlackElo "990"]
[Opening "Sicilian: Nimzovich-Rubinstein variation"]
[ECO "B29"]
[Time "08:01:11"]
[PlyCount "31"]
[TimeControl "2700+45"]

1. e4 c5 2. Nf3 Nf6 3. Nc3 e5 4. Bc4 d6 5. Ng5 Be6 6. Nxe6 fxe6 7. d3 Be7 8.
Bxe6 Nc6 9. Bg5 Nd4 10. Bxf6 Nxe6 11. Bxe7 Qxe7 12. Nd5 Qd7 13. Qh5+ Qf7 14. Qh4
Nd4 15. O-O Qg6 16. Qe7# {Black checkmated} 1-0

[Event "Team 45 45 League T97"]
[Site "Internet Chess Club"]
[Date "2023.08.20"]
[Round "2"]
[White "manfredo"]
[Black "Denis240964"]
[Result "1-0"]
[WhiteElo "1553"]
[BlackElo "1353"]
[Opening "KGD: classical variation"]
[ECO "C30"]
[Time "15:01:24"]
[PlyCount "87"]
[TimeControl "2700+45"]

1. e4 e5 2. f4 Bc5 3. Nf3 d6 4. Nc3 Nc6 5. Bb5 Bg4 6. Na4 Bb6 7. Nxb6 axb6 8.
fxe5 dxe5 9. O-O Nf6 10. Qe1 Qe7 11. Bxc6+ bxc6 12. d3 O-O 13. h3 Bxf3 14. Rxf3
Qc5+ 15. Kh1 Qxc2 16. Qg3 Nh5 17. Qxe5 g6 18. g4 Qd1+ 19. Kg2 Qe2+ 20. Rf2 Rae8
21. Rxe2 Rxe5 22. gxh5 Rxh5 23. Bf4 Rc8 24. d4 Rb5 25. Rc1 g5 26. Be5 c5 27.
dxc5 c6 28. Bd6 Re8 29. e5 Kg7 30. cxb6 Rxb6 31. Rf1 h6 32. Rf6 Rb7 33. Ref2 Ra8
34. a3 Re8 35. Rc2 Rc8 36. b4 Rd7 37. b5 c5 38. Rxc5 Rxc5 39. Bxc5 Rd5 40. Rc6
Rd3 41. b6 Rb3 42. Bb4 Rd3 43. b7 Rd8 44. Rc8 {Black resigns} 1-0

[Event "Team 45 45 League T97"]
[Site "Internet Chess Club"]
[Date "2023.08.19"]
[Round "2"]
[White "sdcohle"]
[Black "Pawnchain"]
[Result "1-0"]
[WhiteElo "1301"]
[BlackElo "1306"]
[Opening "French: Paulsen variation"]
[ECO "C10"]
[Time "15:00:26"]
[PlyCount "77"]
[TimeControl "2700+45"]

1. e4 e6 2. d4 d5 3. Nc3 Ne7 4. exd5 Nxd5 5. Nge2 Bb4 6. Bd2 Nf6 7. Bg5 h6 8.
Bd2 Nbd7 9. a3 Be7 10. g3 O-O 11. Bg2 c6 12. O-O Nb6 13. b3 Nbd5 14. f4 c5 15.
Nxd5 exd5 16. Be3 cxd4 17. Bxd4 Bg4 18. Bf3 Bf5 19. Nc3 Rc8 20. Re1 Re8 21. Re5
Bh7 22. Nxd5 Nxd5 23. Rxd5 Qc7 24. c3 b6 25. Bg4 Rcd8 26. Rxd8 Rxd8 27. b4 Be4
28. Qe2 Qc6 29. Re1 Bf3 30. Bxf3 Qxf3 31. Qxf3 Rxd4 32. cxd4 a5 33. Qa8+ Kh7 34.
Rxe7 f5 35. bxa5 b5 36. Qa7 b4 37. Rxg7+ Kh8 38. Rh7+ Kg8 39. Qg7# {Black
checkmated} 1-0

[Event "Team 45 45 League T97"]
[Site "Internet Chess Club"]
[Date "2023.08.18"]
[Round "2"]
[White "PsyMar"]
[Black "Visin"]
[Result "1/2-1/2"]
[WhiteElo "1294"]
[BlackElo "1283"]
[Opening "Scotch game"]
[ECO "C45"]
[Time "14:00:36"]
[PlyCount "125"]
[TimeControl "2700+45"]

1. e4 e5 2. Nf3 Nc6 3. d4 exd4 4. Nxd4 Nxd4 5. Qxd4 d6 6. Bc4 Be6 7. Nc3 Nf6 8.
O-O Be7 9. Bf4 O-O 10. Rad1 c6 11. Bxe6 fxe6 12. Bxd6 Bxd6 13. Qxd6 Re8 14. e5
Nd5 15. Nxd5 exd5 16. Qxd8 Raxd8 17. f4 g6 18. Rde1 Re6 19. g4 Rde8 20. Re2 g5
21. f5 Rxe5 22. Rxe5 Rxe5 23. Kf2 Kf7 24. Kg3 Re2 25. Rc1 h6 26. b3 Kf6 27. a4
Re7 28. h4 d4 29. hxg5+ hxg5 30. b4 b6 31. c3 d3 32. Rd1 Rd7 33. Kf3 c5 34. bxc5
bxc5 35. c4 Rd4 36. Ke3 Rxc4 37. Rxd3 Rxg4 38. Rd6+ Ke5 39. Re6+ Kxf5 40. Rc6
Rxa4 41. Rxc5+ Kg4 42. Rc7 Kg3 43. Rc3 g4 44. Ke2+ Kg2 45. Rc1 g3 46. Rd1 Ra2+
47. Ke3 Kh2 48. Rd8 g2 49. Rh8+ Kg1 50. Rf8 a5 51. Kf3 a4 52. Kg3 a3 53. Rc8 Ra1
54. Rc2 Rb1 55. Rxg2+ Kf1 56. Ra2 Rb3+ 57. Kf4 Ke1 58. Ke4 Kd1 59. Kd4 Kc1 60.
Kc4 Rh3 61. Kb4 Kb1 62. Rxa3 Rxa3 63. Kxa3 {Game drawn because neither player
has mating material} 1/2-1/2

[Event "Team 45 45 League T97"]
[Site "Internet Chess Club"]
[Date "2023.08.20"]
[Round "2"]
[White "tamky70"]
[Black "Conjurer"]
[Result "0-1"]
[WhiteElo "1294"]
[BlackElo "1191"]
[Opening "Robatsch defense"]
[ECO "B06"]
[Time "15:01:24"]
[PlyCount "118"]
[TimeControl "2700+45"]

1. e4 g6 2. Nc3 Bg7 3. d4 e5 4. Nf3 d6 5. d5 Nf6 6. Bd3 O-O 7. O-O Bg4 8. Bg5
Qd7 9. Bxf6 Bxf6 10. Be2 Na6 11. Ne1 h5 12. f3 Bh3 13. Nd3 Bg5 14. Kh1 Bxg2+ 15.
Kxg2 h4 16. h3 Be3 17. Qe1 Qe7 18. Nf2 Qg5+ 19. Ng4 f5 20. exf5 Rxf5 21. Ne4 Qf4
22. Qxh4 Rh5 23. Nef6+ Kf7 24. Qg3 Qxg3+ 25. Kxg3 Bf4+ 26. Kg2 Rg5 27. Ne4 Rf5
28. Nh6+ Bxh6 29. Bd3 Rf8 30. Nxd6+ Ke7 31. Nxf5+ gxf5 32. Bxa6 bxa6 33. Rad1
Rg8+ 34. Kh1 Bf4 35. Rg1 Rh8 36. Kg2 Rg8+ 37. Kf2 Rh8 38. Rh1 Kd6 39. c4 Kc5 40.
b3 a5 41. Rdg1 Kd4 42. Rg7 e4 43. Rd1+ Kc3 44. fxe4 fxe4 45. Kg2 Kc2 46. Rf1 Be5
47. Rgf7 Kd3 48. Re7 Rg8+ 49. Kh1 Bd6 50. Re6 e3 51. Rd1+ Ke2 52. Rg1 Rf8 53.
Rxd6 cxd6 54. c5 dxc5 55. Rc1 Rf1+ 56. Rxf1 Kxf1 57. d6 e2 58. d7 e1=Q 59. d8=Q
Kf2+ {White resigns} 0-1